 Dungeon Crawl Stone Soup version 0.31-a0-986-g5e6e4ef867 (webtiles) character file.

Game seed: 10886243076973017852

23467 lunkers the Black Belt (level 13, -12/135 HPs)
             Began as a Meteoran Shapeshifter on Nov 7, 2023.
             Was an Initiate of Gozag.
             Mangled by a reaper
             ... wielding a +2 scythe of freezing
              (35 damage)
             ... in an ice cave on Nov 8, 2023.
             The game lasted 00:22:12 (5855 turns).

lunkers the Black Belt (Meteoran Shapeshifter)      Turns: 5855, Time: 00:22:13

Health: -12/135    AC: 10    Str: 20    XL:     13   Next: 69%
Magic:  14/14      EV: 16    Int: 13    God:    Gozag
Gold:   2837       SH:  0    Dex: 19    Spells: 12/12 levels left

rFire   . .          .
                       - Unarmed
rCold   . . .        (shield currently unavailable)
rNeg    . . .        e - melded +0 ring mail
rPois   .            (helmet currently unavailable)
rElec   .            (cloak currently unavailable)
rCorr   .            (gloves currently unavailable)
SInv    .            (boots currently unavailable)
Will    +++..        (no amulet)
Stlth   +            a - ring of willpower
HPRegen 0.42/turn    u - ring of willpower
MPRegen 0.14/turn

%: no passive effects
@: snake-form, glowing
A: constrict, boosted hp, large, sense surroundings 2, otherworldly, glowing,
explore regen
a: Begin Untransformation, Renounce Religion, Potion Petition, Call Merchant,
Bribe Branch


You were in an ice cave.
You worshipped Gozag.
Gozag was most pleased with you.
You were an enormous anaconda.
You visited 3 branches of the dungeon, and saw 15 of its levels.
You also visited: Bailey and Ice Cave.

You collected 2882 gold pieces.
You paid 45 gold pieces to Gozag.

Inventory:

Missiles
 h - 20 curare-tipped darts
 k - 22 boomerangs
 m - 8 atropa-tipped darts
 w - 2 throwing nets
 F - 18 poisoned darts
Armour
 e - a +0 ring mail (melded)
 i - a +1 helmet
 j - the +1 pair of boots of Knowledge {Int+2}
   (You found it on level 2 of the Dungeon)

   Int+2:     It affects your intelligence (+2).
 l - a +0 helmet
 E - a +2 plate armour of willpower
Jewellery
 a - a ring of willpower (left hand)
 u - a ring of willpower (right hand)
 I - a ring of resist corrosion
 K - a ring of poison resistance
Talismans
 c - a beast talisman
 d - a flux talisman
 y - a serpent talisman (active)
Wands
 v - a wand of roots (16)
 x - a wand of flame (46)
 C - a wand of quicksilver (9)
 H - a wand of polymorph (1)
Scrolls
 g - 2 scrolls of enchant armour
 n - a scroll of immolation
 o - a scroll of summoning
 p - a scroll of teleportation
 q - a scroll of torment
 r - 8 scrolls of poison
 s - 6 scrolls of identify
 B - 2 scrolls of amnesia
 G - a scroll of enchant weapon
 M - a scroll of revelation {unknown}
Potions
 b - a potion of lignification
 f - a potion of enlightenment
 t - a potion of haste
 z - a potion of brilliance
 A - a potion of invisibility
 D - 2 potions of curing
 L - a potion of degeneration {unknown}
Miscellaneous
 J - a phantom mirror


   Skills:
 + Level 10.2 Fighting
 + Level 10.4 Dodging
 * Level 16.8 Unarmed Combat
 + Level 11.6 Shapeshifting


You had 12 spell levels left.
You didn't know any spells.
Your spell library contained the following spells:

 Spells                   Type           Power      Damage    Failure   Level
 Freeze                   Ice            0%         1d3       30%         1
 Shock                    Conj/Air       0%         1d3       30%         1
 Slow                     Hex            0%         N/A       30%         1
 Cigotuvi's Dreadful Rot  Necr/Pois/Air  0%         N/A       43%         2
 Wereblood                Tmut           0%         N/A       43%         2
 Confusing Touch          Hex            0%         N/A       67%         3
 Frozen Ramparts          Ice            0%         1d1       67%         3
 Hailstorm                Conj/Ice       0%         3d3       67%         3
 Sigil of Binding         Hex            0%         N/A       67%         3
 Swiftness                Air            0%         N/A       67%         3
 Vampiric Draining        Necr           0%         2d6       67%         3
 Volatile Blastmotes      Fire/Tloc      0%         2d10      67%         3
 Airstrike                Air            0%         2d(0-16)  97%         4
 Fulminant Prism          Conj/Hex       0%         3d5       97%         4
 Iskenderun's Mystic Bla  Conj/Tloc      0%         2d3       97%         4
 Irradiate                Conj/Tmut      0%         3d11      100%        5
 Chain Lightning          Conj/Air       0%         N/A       100%        9


Dungeon Overview and Level Annotations

Branches:
Dungeon (10/15) Zot: 1690  Temple (1/1) D:4 Zot: 581    Lair (4/5) D:10 Zot: 1450
  Swamp (0/4) Lair:3        Snake (0/4) Lair:2       Bailey (visited)
  IceCv (1/1) Zot: 482
  Slime: Lair:4-5       Orc: D:9-12

Altars:
Ashenzari
Cheibriados
Elyvilon
Fedhas
Gozag
Hepliaklqana
Kikubaaqudgha
Makhleb
Nemelex Xobeh
Okawaru
Qazlal
Ru
Sif Muna
Trog
Uskayaw
Wu Jian
Xom
Yredelemnul
Zin
The Shining One

Shops:
D:3 =   D:8 [

Annotations:
Lair:4 3 runed translucent doors, exclusion: oklob plant, arvidsem's ghost, journeyman MiFi IceCv exclusion: 2 ice statues


Innate Abilities, Weirdness & Mutations

You are an enormous anaconda.
You have a powerful constriction melee attack.
Your maximum health is increased.
Your armour is entirely melded.
You are incapable of wielding weapons or throwing items.
You passively map the area around you.
You are easily found by Zot.
You glow in the dark.
You regain HP and MP as you explore.


Message History

The ice devil freezes you!
* * * LOW HITPOINT WARNING * * *
The ice devil hits you but does no damage.
You closely miss the ice devil. You grab the ice devil.
You constrict the ice devil, but do no damage.
The ice devil barely misses you.
The ice devil is distracted by your dazzling golden aura.
Unknown command.
Unknown command.
You body-slam the ice devil!!
The ice devil is heavily wounded.
You constrict the ice devil.
The ice devil hits you but does no damage.
A reaper comes into view.
It is wielding a +2 scythe of freezing and wearing a +2 robe of cold resistance.
Unknown command.
Unknown command.
You body-slam the ice devil!!
You kill the ice devil!
Unknown command.
Unknown command.
You body-slam the ice devil!!
The ice devil is no longer distracted by gold.
You grab the ice devil.
The ice devil is severely wounded.
You constrict the ice devil, but do no damage.
The ice devil hits you.
* * * LOW HITPOINT WARNING * * *
The ice devil freezes you!
You feel yourself slow down.
* * * LOW HITPOINT WARNING * * *
Unknown command.
You body-slam the ice devil!!
You kill the ice devil!
The reaper whispers, "Time's up, lunkers!"
Unknown command.
You feel yourself speed up.
Okay, then.
You feel better.
The reaper hits you from afar with a +2 scythe of freezing!!
You die...
Your body crumbles into a pile of gold.

, *#..###§§☼°... # *
, #..#☼§§§.#.# °# ,
* , ,
#...°○°##.#..## ,,*
, #....###..#°.§#, ,
* , ##...#...§☼... *
, , ** #...#..☼....
, #...#..○####§.# *
* #......§§°§☼§.. ,,
# #..#..S☼§§°§§.# ,,
...#≈#..##..#2#.§#.#
* ,#...≈≈...#.##.#
.# * * ,
#..#≈≈#....#..##
.#,, * #
##≈##..##...#, # ,
##*#.......# , ,
##......# * ...
#.....## ##..##
##...##


You could see a reaper.

Vanquished Creatures
  A catoblepas (Lair:1)
  A two-headed ogre (D:8)
  Sonja (Lair:1)
  A skyshark (Lair:3)
  An orc knight (Bailey)
  4 black mambas
  8 cane toads
  Jeremiah (D:6)
  3 komodo dragons
  An anaconda simulacrum (IceCv)
  6 ice devils (IceCv)
  A troll (D:9)
  2 polar bears
  Prince Ribbit (D:6)
  15 blink frogs
  Sigmund (D:5)
  19 yaks
  A basilisk (Lair:1)
  2 wyverns
  3 vampire mosquitoes (D:10)
  Menkaure (D:5)
  A death yak simulacrum (IceCv)
  4 nagas (Lair:2)
  An acid dragon (D:8)
  8 water moccasins
  A hydra simulacrum (IceCv)
  5 black bears
  5 ice beasts
  10 orc warriors
  6 wolves (Lair:3)
  A centaur (D:9)
  A phantom (D:5)
  Blork the orc (D:6)
  6 kobold brigands
  11 bullfrogs
  A gnoll sergeant (D:6)
  4 two-headed ogre simulacra (IceCv)
  A scorpion (D:5)
  8 killer bees
  2 hounds
  4 jellies
  7 orc priests
  2 iguanas
  Ijyb (D:4)
  5 orc wizards
  A sleepcap (D:5)
  Natasha (thrice) (D:2)
  2 polar bear simulacra (IceCv)
  2 troll simulacra (IceCv)
  Robin (D:1)
  12 gnolls
  6 adders
  A naga simulacrum (IceCv)
  2 shadow imps
  6 white imps
  A worm (D:2)
  A dart slug (D:4)
  27 orcs
  7 endoplasms
  6 giant cockroaches
  16 goblins
  8 hobgoblins
  2 jackals (D:2)
  5 quokkas
  6 ball pythons
  7 bats
  6 frilled lizards
  18 kobolds
  7 rats
323 creatures vanquished.

Notes
Turn   | Place    | Note
-------+----------+-------------------------------------------
     0 | D:1      | lunkers the Meteoran Shapeshifter began the quest for the
                  | Orb.
     0 | D:1      | Reached XP level 1. HP: 16/16 MP: 2/2
    89 | D:1      | Reached XP level 2. HP: 23/23 MP: 3/3
    92 | D:1      | Reached skill level 4 in Unarmed Combat
   232 | D:1      | Reached XP level 3. HP: 9/28 MP: 4/4
   314 | D:2      | Reached XP level 4. HP: 30/35 MP: 5/5
   327 | D:2      | Noticed Robin
   329 | D:2      | Reached skill level 5 in Unarmed Combat
   346 | D:1      | Killed Robin
   399 | D:2      | Identified the +1 pair of boots of Knowledge {Int+2}
   495 | D:2      | Noticed Natasha
   503 | D:2      | Killed Natasha
   504 | D:2      | Reached XP level 5. HP: 26/40 MP: 6/6
   505 | D:2      | Noticed Natasha
   517 | D:2      | Killed Natasha
   518 | D:2      | Reached skill level 6 in Unarmed Combat
   615 | D:2      | Noticed Natasha
   622 | D:2      | Killed Natasha
   623 | D:2      | Reached XP level 6. HP: 38/47 MP: 7/7
   758 | D:3      | Found a faded altar of an unknown god.
   800 | D:3      | Found Pinguaze's Jewellery Shoppe.
   874 | D:3      | Reached skill level 5 in Shapeshifting
  1053 | D:3      | Found a stormy altar of Qazlal.
  1272 | D:4      | Reached skill level 7 in Unarmed Combat
  1302 | D:4      | Found a glowing golden altar of the Shining One.
  1359 | D:4      | Noticed a black bear
  1366 | D:4      | Killed a black bear
  1367 | D:4      | Reached XP level 7. HP: 38/52 MP: 8/8
  1411 | D:4      | Noticed Ijyb
  1418 | D:4      | Killed Ijyb
  1429 | D:4      | Found a staircase to the Ecumenical Temple.
  1437 | Temple   | Entered the Ecumenical Temple
  1446 | Temple   | Became a worshipper of Gozag Ym Sagoz the Greedy
  1528 | D:5      | Entered Level 5 of the Dungeon
  1632 | D:5      | Reached skill level 8 in Unarmed Combat
  1645 | D:4      | Reached XP level 8. HP: 29/61 MP: 9/9
  1769 | D:5      | Noticed Sigmund
  1779 | D:5      | Killed Sigmund
  2040 | D:5      | Noticed Menkaure
  2044 | D:5      | Killed Menkaure
  2045 | D:5      | Reached skill level 9 in Unarmed Combat
  2178 | D:6      | Gained mutation: You passively map the area around you.
                  | [Meteoran growth]
  2178 | D:6      | Reached XP level 9. HP: 32/70 MP: 10/10
  2224 | D:6      | Noticed Blork the orc
  2227 | D:6      | Noticed Jeremiah
  2228 | D:6      | Killed Blork the orc
  2242 | D:6      | Killed Jeremiah
  2243 | D:6      | Reached skill level 10 in Unarmed Combat
  2327 | D:6      | Reached skill level 5 in Dodging
  2415 | D:6      | Noticed Prince Ribbit
  2426 | D:6      | Killed Prince Ribbit
  2575 | D:6      | Reached skill level 5 in Fighting
  2575 | D:6      | Reached XP level 10. HP: 74/81 MP: 11/11
  2798 | D:7      | Reached skill level 11 in Unarmed Combat
  2938 | D:7      | Found a shimmering blue altar of Sif Muna.
  3383 | D:8      | Noticed a two-headed ogre
  3386 | D:8      | Found Kefoxt's Antique Armour Shop.
  3389 | D:8      | Killed a two-headed ogre
  3402 | D:8      | Reached skill level 12 in Unarmed Combat
  3417 | D:8      | Found an ornate altar of the Wu Jian Council.
  3418 | D:8      | Found a glowing silver altar of Zin.
  3419 | D:8      | Found an ancient bone altar of Kikubaaqudgha.
  3601 | D:8      | Found a flagged portal.
  3639 | Bailey   | Entered a bailey
  3737 | Bailey   | Noticed an orc knight
  3738 | Bailey   | Found an iron altar of Okawaru.
  3751 | Bailey   | Killed an orc knight
  3752 | Bailey   | Reached XP level 11. HP: 81/91 MP: 12/12
  3767 | Bailey   | Identified the +0 ring mail of Deple {rC+ MP+9}
  4169 | D:9      | Reached skill level 13 in Unarmed Combat
  4486 | D:10     | Entered Level 10 of the Dungeon
  4669 | D:10     | Found a staircase to the Lair.
  4714 | Lair:1   | Entered Level 1 of the Lair of Beasts
  4723 | Lair:1   | Noticed a black mamba
  4733 | Lair:1   | Killed a black mamba
  4781 | Lair:1   | Reached skill level 14 in Unarmed Combat
  4783 | Lair:1   | Noticed a catoblepas
  4790 | Lair:1   | Killed a catoblepas
  4791 | Lair:1   | Reached XP level 12. HP: 64/101 MP: 13/13
  4794 | Lair:1   | Noticed Sonja
  4811 | Lair:1   | Killed Sonja
  4812 | Lair:1   | Reached skill level 10 in Shapeshifting
  4868 | Lair:2   | Found a staircase to the Snake Pit.
  4951 | Lair:2   | Reached skill level 15 in Unarmed Combat
  5041 | Lair:3   | Identified the "Zienueng"
  5041 | Lair:3   | Noticed a skyshark
  5051 | Lair:3   | Killed a skyshark
  5140 | Lair:3   | Reached XP level 13. HP: 111/111 MP: 14/14
  5437 | Lair:3   | Reached skill level 16 in Unarmed Combat
  5573 | Lair:4   | Reached skill level 10 in Dodging
  5633 | Lair:4   | Found a runed translucent gate.
  5634 | Lair:4   | Found a runed translucent gate.
  5635 | Lair:4   | Found a runed translucent gate.
  5635 | Lair:4   | Noticed an acid blob
  5635 | Lair:4   | Noticed an azure jelly
  5635 | Lair:4   | Noticed an azure jelly
  5670 | Lair:4   | Noticed an acid blob
  5670 | Lair:4   | Noticed an azure jelly
  5670 | Lair:4   | Noticed arvidsem's ghost (journeyman MiFi)
  5671 | Lair:4   | Noticed an azure jelly
  5671 | Lair:4   | Noticed a quicksilver ooze
  5671 | Lair:4   | Noticed an azure jelly
  5672 | Lair:4   | Noticed a rockslime
  5673 | Lair:4   | Noticed an azure jelly
  5702 | Lair:4   | Reached skill level 10 in Fighting
  5719 | Lair:4   | Found a frozen archway.
  5728 | IceCv    | Entered an ice cave
  5848 | IceCv    | Noticed a reaper
  5855 | IceCv    | Mangled by a reaper

Illustrated notes

Levels and vault maps discovered:
D:1:      lightli_arrival_farm, layout_basic, minmay_misc_feat_enclosed
D:2:      layout_rooms, uniq_robin, uniq_natasha
D:3:      layout_basic, grunt_qazlal_clouds, nicolae_ecumenical_pavilion,
          serial_shops, shop
D:4:      layout_loops_ring, mainiacjoe_overflow_small_starburst,
          minmay_temple_entry_glassed_door, uniq_ijyb
D:5:      layout_loops_cross, uniq_sigmund, uniq_menkaure
D:6:      layout_loops_cross, lemuel_coloured_pillars_altar, bh_walls_and_bars,
          uniq_blork_the_orc, uniq_jeremiah, uniq_prince_ribbit1
D:7:      layout_cave_pods, mainiacjoe_overflow_24_doors
D:8:      layout_basic, chequers_temple_overflow_statue_of_worship,
          serial_shops, shop, enter_bailey_5
D:9:      layout_basic
D:10:     layout_loops_ring, mainiacjoe_overflow_alcove_1, lair_entry_dummy,
          serial_shops, shop
Temple:   nicolae_temple_two_arcs
Lair:1:   layout_loops_ring, nicolae_quartered_pool_medium,
          cheibrodos_lair_lostbears, grunt_megastairs_4, uniq_sonja
Lair:2:   layout_chaotic_city, minmay_snake_entry_guardpost_small,
          serial_bayou_shore_a, infiniplex_staircase_pool_2, grunt_megastairs_5
Lair:3:   layout_regular_city, palyth_hydra_swamp_entry, beast_lair_carwin_5
Lair:4:   layout_regular_city, gammafunk_ghost_ooze,
          portal_ice_cave_entry_pillars_1, grunt_megastairs_1
IceCv:    ice_cave_small_demon

Skill      XL: |  1  2  3  4  5  6  7  8  9 10 11 12 13 |
---------------+----------------------------------------+-----
Unarmed Combat | 4 5 6 7 8 9 10 12 14 15 16 | 16.8
Shapeshifting  | 4 5 6 7 8 9 10 11 | 11.6
Fighting       | 2 3 5 6 8 9 10 | 10.2
Dodging        | 4 5 7 8 9 10 | 10.4

Action                     |  1- 3 |  4- 6 |  7- 9 | 10-12 | 13-15 || total
---------------------------+-------+-------+-------+-------+-------++-------
  Melee: Unarmed           |    65 |   169 |   193 |   350 |   152 ||   929
         Punch             |       |     5 |    13 |       |       ||    18
         Constrict         |       |       |       |    88 |    43 ||   131
  Evoke: Wand              |       |       |     5 |     3 |       ||     8
    Use: Potion            |       |       |     2 |     1 |     1 ||     4
         Scroll            |       |       |       |    14 |       ||    14
   Stab: Distracted        |       |       |       |     5 |     4 ||     9
 Armour: Animal skin       |     8 |       |       |       |       ||     8
         Ring mail         |    28 |   115 |   109 |       |       ||   252
         Skin              |       |       |       |   209 |    86 ||   295
  Dodge: Dodged            |    50 |   114 |   133 |   215 |   117 ||   629
   Form: Anaconda          |       |       |       |     1 |       ||     1

Table legend: (Time is in decaauts)
 A = Elapsed time spent in this place.
 B = Non-inter-level travel time spent in this place.
 C = Inter-level travel time spent in this place.
 D = Time resting spent in this place.
 E = Time spent auto-exploring this place.
 F = Levels seen in this place.
 G = Mean time per level.
                   A        B        C        D        E       F      G
               +--------+--------+--------+--------+--------+-----+--------+
         Total |   5684 |   5555 |    129 |      0 |   3377 |  17 |  334.4 |
       Dungeon |   4309 |   4197 |    112 |      0 |   2828 |  10 |  430.9 |
        Temple |     18 |      1 |     17 |      0 |      0 |   1 |   18.0 |
          Lair |    949 |    949 |      0 |      0 |    424 |   4 |  237.2 |
        Bailey |    289 |    289 |      0 |      0 |    121 |   1 |  289.0 |
      Ice Cave |    116 |    116 |      0 |      0 |      4 |   1 |  116.0 |
               +--------+--------+--------+--------+--------+-----+--------+

Top non-repeatable levels by time:
     D:7: 715 daAuts
     D:5: 552 daAuts
     D:6: 506 daAuts
     D:8: 469 daAuts
     D:4: 404 daAuts
  Lair:3: 397 daAuts
     D:2: 396 daAuts
     D:1: 356 daAuts
     D:3: 349 daAuts
     D:9: 342 daAuts
  Bailey: 289 daAuts
  Lair:4: 248 daAuts
    D:10: 215 daAuts
  Lair:2: 161 daAuts
  Lair:1: 143 daAuts
